[ AOE2 MATCH · #478377862 ]
UnrankedMaya vs Mapuche
Player's team · WIN
Rival team · LOSS
[ REPLAY ANALYSIS · EXTRACTED FROM THE RECORDED GAME ]
Feudal
12:31
Castle
16:30
Imperial
—
| APM avg | 52.8 |
| APM peak | 83 |
| eAPM avg | 20.6 |
| Villagers / military | 92 / 56 |
Focus
⚔️ 34.1% · 🌾 65.9%
Plumed Archer ×38 · Monk ×8 · Battering Ram ×4 · Mangonel ×3 · Spearman ×3
Feudal
14:20
Castle
18:15
Imperial
—
| APM avg | 58.7 |
| APM peak | 96 |
| eAPM avg | 22.7 |
| Villagers / military | 96 / 24 |
Focus
⚔️ 30.3% · 🌾 69.7%
Battering Ram ×10 · Kona ×8 · Mangonel ×4 · Monk ×1 · Spearman ×1
Match map
Initial resources + every placement click. Lines = walls · curves = elevation contours. ◆ gold · ⬟ stone · ● berries · ✦ relic · ◌ wall gap
Your base· Open — unwalled flank
RAY's base· Open — unwalled flank
Smoothed initial terrain · ◌ = detected wall gap · hover for details
Inputs per minute
— sunsetfire - - RAY
Build order — sunsetfire
First 150 of 248 actions detected
| 0:28 | Build | Town Center |
| 1:51 | Build | House |
| 2:05 | Queue | Villager (Male) |
| 2:06 | Queue | Villager (Male) |
| 2:06 | Queue | Villager (Male) |
| 2:27 | Build | House |
| 3:15 | Queue | Villager (Male) |
| 3:42 | Build | House |
| 3:49 | Queue | Villager (Male) |
| 4:20 | Queue | Villager (Male) |
| 4:39 | Research | Loom |
| 4:56 | Queue | Villager (Male) |
| 5:08 | Queue | Villager (Male) |
| 5:59 | Queue | Villager (Male) |
| 5:59 | Queue | Villager (Male) |
| 6:27 | Queue | Villager (Male) |
| 6:42 | Queue | Villager (Male) |
| 6:42 | Queue | Villager (Male) |
| 6:43 | Queue | Villager (Male) |
| 7:17 | Queue | Villager (Male) |
| 7:44 | Queue | Villager (Male) |
| 8:24 | Queue | Villager (Male) |
| 8:27 | Build | House |
| 8:29 | Build | Mill |
| 8:45 | Queue | Villager (Male) |
| 8:57 | Build | House |
| 9:31 | Queue | Villager (Male) |
| 9:47 | Build | Lumber Camp |
| 9:56 | Queue | Villager (Male) |
| 10:13 | Research | Feudal Age |
| 10:46 | Build | Mining Camp |
| 11:03 | Queue | Villager (Male) |
| 11:42 | Build | Palisade Wall |
| 11:46 | Build | Palisade Wall |
| 11:47 | Build | Palisade Wall |
| 11:47 | Build | Palisade Wall |
| 11:50 | Build | Palisade Wall |
| 11:50 | Build | Palisade Wall |
| 11:51 | Build | Palisade Wall |
| 12:31 | Age | Feudal Age |
| 12:37 | Build | Market |
| 12:45 | Build | Blacksmith |
| 12:47 | Research | Town Watch |
| 13:12 | Build | Outpost |
| 13:50 | Research | Castle Age |
| 14:14 | Queue | Villager (Male) |
| 15:18 | Research | Double-Bit Axe |
| 16:27 | Queue | Villager (Male) |
| 16:30 | Age | Castle Age |
| 16:52 | Build | Castle |
| 16:58 | Queue | Villager (Male) |
| 17:29 | Queue | Villager (Male) |
| 17:53 | Queue | Villager (Male) |
| 17:58 | Queue | Plumed Archer |
| 17:59 | Queue | Plumed Archer |
| 18:03 | Research | Fletching |
| 18:03 | Research | Fletching |
| 18:20 | Queue | Plumed Archer |
| 18:26 | Queue | Villager (Male) |
| 18:27 | Queue | Plumed Archer |
| 18:48 | Queue | Villager (Male) |
| 18:49 | Queue | Plumed Archer |
| 19:18 | Queue | Plumed Archer |
| 19:26 | Queue | Plumed Archer |
| 19:47 | Queue | Villager (Male) |
| 19:48 | Queue | Plumed Archer |
| 19:54 | Queue | Villager (Male) |
| 20:01 | Queue | Plumed Archer |
| 20:28 | Research | Bodkin Arrow |
| 20:29 | Queue | Plumed Archer |
| 20:30 | Queue | Plumed Archer |
| 20:45 | Build | Monastery |
| 20:46 | Queue | Villager (Male) |
| 20:51 | Queue | Plumed Archer |
| 21:04 | Queue | Villager (Male) |
| 21:06 | Queue | Plumed Archer |
| 21:20 | Queue | Villager (Male) |
| 21:24 | Queue | Plumed Archer |
| 21:33 | Build | House |
| 21:35 | Build | Palisade Wall |
| 21:37 | Build | Palisade Wall |
| 21:39 | Queue | Villager (Male) |
| 21:44 | Build | House |
| 21:47 | Queue | Plumed Archer |
| 21:52 | Queue | Monk |
| 22:00 | Build | House |
| 22:06 | Queue | Villager (Male) |
| 22:20 | Queue | Plumed Archer |
| 22:24 | Queue | Villager (Male) |
| 22:37 | Queue | Plumed Archer |
| 22:40 | Queue | Villager (Male) |
| 22:41 | Queue | Monk |
| 23:01 | Queue | Monk |
| 23:18 | Build | Town Center |
| 23:20 | Queue | Villager (Male) |
| 23:21 | Queue | Plumed Archer |
| 23:51 | Queue | Villager (Male) |
| 23:52 | Queue | Plumed Archer |
| 24:20 | Build | Siege Workshop |
| 24:30 | Build | House |
| 24:31 | Build | House |
| 24:32 | Build | House |
| 24:33 | Build | House |
| 24:42 | Queue | Villager (Male) |
| 24:42 | Queue | Villager (Male) |
| 24:46 | Queue | Plumed Archer |
| 24:46 | Queue | Plumed Archer |
| 24:59 | Queue | Plumed Archer |
| 25:07 | Queue | Mangonel |
| 25:11 | Build | House |
| 25:22 | Queue | Villager (Male) |
| 25:44 | Queue | Plumed Archer |
| 25:47 | Queue | Villager (Male) |
| 25:47 | Queue | Villager (Male) |
| 25:48 | Queue | Villager (Male) |
| 25:49 | Build | House |
| 26:07 | Queue | Plumed Archer |
| 26:07 | Queue | Plumed Archer |
| 26:17 | Queue | Villager (Male) |
| 26:17 | Queue | Villager (Male) |
| 26:47 | Queue | Villager (Male) |
| 26:47 | Queue | Villager (Male) |
| 26:53 | Build | Town Center |
| 26:56 | Queue | Plumed Archer |
| 27:00 | Queue | Villager (Male) |
| 27:00 | Queue | Villager (Male) |
| 27:05 | Queue | Monk |
| 27:18 | Queue | Plumed Archer |
| 27:27 | Queue | Plumed Archer |
| 27:36 | Build | Lumber Camp |
| 27:56 | Queue | Mangonel |
| 28:03 | Build | House |
| 28:04 | Build | Palisade Wall |
| 28:05 | Build | House |
| 28:08 | Build | House |
| 28:09 | Build | House |
| 28:17 | Build | House |
| 28:21 | Build | House |
| 28:27 | Build | House |
| 28:38 | Queue | Villager (Male) |
| 28:39 | Queue | Plumed Archer |
| 28:39 | Queue | Plumed Archer |
| 28:47 | Queue | Villager (Male) |
| 28:48 | Queue | Villager (Male) |
| 28:49 | Build | House |
| 28:50 | Queue | Plumed Archer |
| 28:59 | Queue | Villager (Male) |
| 29:05 | Queue | Plumed Archer |
| 29:33 | Build | Farm |
| 29:33 | Build | Farm |
Build order — RAY
First 150 of 188 actions detected
| 1:00 | Build | Town Center |
| 2:33 | Queue | Villager (Male) |
| 2:33 | Queue | Villager (Male) |
| 2:33 | Queue | Villager (Male) |
| 2:34 | Queue | Villager (Male) |
| 2:36 | Build | House |
| 4:03 | Queue | Villager (Male) |
| 4:16 | Build | House |
| 4:26 | Queue | Villager (Male) |
| 4:57 | Queue | Villager (Male) |
| 4:57 | Queue | Villager (Male) |
| 5:20 | Queue | Villager (Male) |
| 5:49 | Queue | Villager (Male) |
| 6:08 | Build | House |
| 6:16 | Build | Settlement |
| 6:21 | Queue | Villager (Male) |
| 6:30 | Build | Settlement |
| 6:44 | Queue | Villager (Male) |
| 7:23 | Queue | Villager (Male) |
| 7:36 | Queue | Villager (Male) |
| 7:47 | Queue | Villager (Male) |
| 8:00 | Queue | Villager (Male) |
| 8:13 | Queue | Villager (Male) |
| 9:11 | Queue | Villager (Male) |
| 9:16 | Build | House |
| 9:31 | Build | Settlement |
| 9:44 | Build | House |
| 10:05 | Queue | Villager (Male) |
| 10:06 | Queue | Villager (Male) |
| 10:07 | Queue | Villager (Male) |
| 10:09 | Queue | Villager (Male) |
| 10:10 | Research | Loom |
| 10:15 | Build | House |
| 10:29 | Build | House |
| 10:55 | Queue | Villager (Male) |
| 11:01 | Build | Settlement |
| 11:24 | Queue | Villager (Male) |
| 11:25 | Queue | Villager (Male) |
| 11:25 | Queue | Villager (Male) |
| 11:38 | Queue | Villager (Male) |
| 11:49 | Research | Loom |
| 12:00 | Research | Feudal Age |
| 12:35 | Research | Loom |
| 12:35 | Queue | Villager (Male) |
| 12:45 | Queue | Villager (Male) |
| 12:46 | Queue | Villager (Male) |
| 12:51 | Build | House |
| 12:59 | Build | Palisade Wall |
| 13:01 | Build | Palisade Wall |
| 13:03 | Build | Palisade Wall |
| 14:20 | Age | Feudal Age |
| 14:22 | Queue | Spearman |
| 14:27 | Build | Market |
| 14:48 | Build | Blacksmith |
| 15:00 | Queue | Villager (Male) |
| 15:09 | Queue | Villager (Male) |
| 15:31 | Research | Castle Age |
| 15:37 | Build | House |
| 15:51 | Build | House |
| 16:06 | Research | Forging |
| 16:08 | Build | House |
| 16:23 | Build | House |
| 16:40 | Queue | Villager (Male) |
| 17:27 | Queue | Villager (Male) |
| 17:42 | Queue | Villager (Male) |
| 18:12 | Queue | Villager (Male) |
| 18:15 | Age | Castle Age |
| 18:17 | Queue | Villager (Male) |
| 18:38 | Build | Castle |
| 18:55 | Queue | Villager (Male) |
| 19:10 | Queue | Villager (Male) |
| 19:12 | Research | Double-Bit Axe |
| 19:12 | Research | Double-Bit Axe |
| 19:54 | Queue | Kona |
| 19:54 | Queue | Kona |
| 19:58 | Queue | Villager (Male) |
| 20:10 | Queue | Kona |
| 20:17 | Queue | Kona |
| 20:20 | Queue | Kona |
| 20:21 | Queue | Villager (Male) |
| 20:47 | Build | Town Center |
| 21:00 | Queue | Villager (Male) |
| 21:07 | Queue | Kona |
| 21:32 | Queue | Villager (Male) |
| 21:33 | Build | Farm |
| 21:34 | Build | Farm |
| 21:34 | Build | Farm |
| 21:34 | Build | Farm |
| 21:43 | Queue | Villager (Male) |
| 21:49 | Queue | Villager (Male) |
| 22:04 | Build | Farm |
| 22:27 | Queue | Villager (Male) |
| 22:46 | Build | House |
| 22:49 | Queue | Villager (Male) |
| 22:54 | Build | Town Center |
| 23:15 | Build | House |
| 23:20 | Queue | Villager (Male) |
| 24:00 | Queue | Villager (Male) |
| 24:30 | Queue | Villager (Male) |
| 24:44 | Queue | Villager (Male) |
| 24:45 | Queue | Villager (Male) |
| 24:51 | Queue | Villager (Male) |
| 24:51 | Queue | Villager (Male) |
| 24:56 | Queue | Villager (Male) |
| 25:08 | Build | Siege Workshop |
| 25:16 | Queue | Villager (Male) |
| 25:43 | Queue | Battering Ram |
| 25:47 | Queue | Villager (Male) |
| 25:56 | Build | Farm |
| 26:08 | Queue | Battering Ram |
| 26:47 | Queue | Battering Ram |
| 26:58 | Queue | Villager (Male) |
| 27:15 | Queue | Villager (Male) |
| 27:15 | Queue | Villager (Male) |
| 27:26 | Queue | Battering Ram |
| 27:40 | Queue | Villager (Male) |
| 28:07 | Queue | Battering Ram |
| 28:08 | Queue | Battering Ram |
| 28:29 | Queue | Mangonel |
| 28:40 | Queue | Villager (Male) |
| 28:45 | Build | Farm |
| 28:46 | Build | Farm |
| 28:48 | Build | Farm |
| 29:01 | Queue | Villager (Male) |
| 29:19 | Queue | Villager (Male) |
| 29:23 | Queue | Mangonel |
| 29:57 | Build | House |
| 30:08 | Queue | Villager (Male) |
| 30:24 | Build | Settlement |
| 30:31 | Queue | Villager (Male) |
| 30:56 | Queue | Villager (Male) |
| 31:06 | Queue | Villager (Male) |
| 31:29 | Queue | Villager (Male) |
| 31:29 | Queue | Mangonel |
| 31:30 | Queue | Villager (Male) |
| 31:32 | Queue | Villager (Male) |
| 31:40 | Build | House |
| 31:40 | Queue | Villager (Male) |
| 31:46 | Queue | Kona |
| 31:50 | Build | Monastery |
| 31:50 | Queue | Villager (Male) |
| 31:59 | Queue | Villager (Male) |
| 32:02 | Build | Farm |
| 32:02 | Build | Farm |
| 32:03 | Build | Farm |
| 32:03 | Build | Farm |
| 32:03 | Build | Farm |
| 32:29 | Queue | Villager (Male) |
| 32:30 | Queue | Villager (Male) |
| 32:48 | Queue | Villager (Male) |
Match timeline
| 11:42 | sunsetfire · wall_segment Palisade Wall x1 |
| 11:46 | sunsetfire · wall_segment Palisade Wall x1 |
| 11:47 | sunsetfire · wall_segment Palisade Wall x1 |
| 11:47 | sunsetfire · wall_segment Palisade Wall x1 |
| 11:50 | sunsetfire · wall_segment Palisade Wall x1 |
| 11:50 | sunsetfire · wall_segment Palisade Wall x1 |
| 11:51 | sunsetfire · wall_segment Palisade Wall x1 |
| 12:31 | sunsetfire · age_up feudal |
| 12:59 | RAY · wall_segment Palisade Wall x1 |
| 13:01 | RAY · wall_segment Palisade Wall x1 |
| 13:03 | RAY · wall_segment Palisade Wall x1 |
| 13:32 | sunsetfire · first_market_sell 100 wood |
| 13:33 | sunsetfire · first_market_buy 100 food |
| 14:20 | RAY · age_up feudal |
| 15:19 | RAY · first_market_sell 100 stone |
| 16:30 | sunsetfire · age_up castle |
| 16:52 | sunsetfire · first_building Castle |
| 18:15 | RAY · age_up castle |
| 18:38 | RAY · first_building Castle |
| 20:45 | sunsetfire · first_building Monastery |
| 21:35 | sunsetfire · wall_segment Palisade Wall x1 |
| 21:37 | sunsetfire · wall_segment Palisade Wall x1 |
| 22:19 | RAY · first_market_buy 100 stone |
| 24:20 | sunsetfire · first_building Siege Workshop |
| 25:08 | RAY · first_building Siege Workshop |
| 28:04 | sunsetfire · wall_segment Palisade Wall x1 |
| 29:58 | sunsetfire · wall_segment Stone Wall x3 |
| 30:02 | sunsetfire · wall_segment Stone Wall x11 |
| 31:50 | RAY · first_building Monastery |
| 34:45 | sunsetfire · first_building Barracks |
| 37:29 | RAY · resign |
[ AI ANALYSIS · 1 CREDIT ]
What really happened in this match?
Wolo.gg analyzes every decision: build order, eco, micro, common mistakes by bracket. Personalized analysis on WhatsApp or Discord in 30 seconds.
Civ guide
Maya
Perfil
Jugador #553794